 Dungeon Crawl Stone Soup version 0.21.0-30-g47ce8e4 (webtiles) character file.

385 1player the Sneak (level 6, -10/28 HPs)
             Began as a Spriggan Enchanter on Jan 28, 2018.
             Killed by divine providence
             ... invoked by an orc priest
              (14 damage)
             ... on level 4 of the Dungeon.
             The game lasted 00:17:24 (4660 turns).

1player the Sneak (Spriggan Enchanter)              Turns: 4660, Time: 00:17:25

Health: -10/28     AC:  2    Str:  4    XL:     6   Next: 48%
Magic:  10/12      EV: 21    Int: 18    God:
Gold:   130        SH:  0    Dex: 17    Spells: 6/12 levels left

rFire    . . .     SeeInvis +   a - +3 dagger
rCold    . . .     Gourm    .   (shield restricted)
rNeg     . . .     Faith    .   b - +0 robe
rPois    .         Spirit   .   (helmet restricted)
rElec    .         Reflect  .   (no cloak)
rCorr    .         Harm     .   (gloves unavailable)
MR       +....                  (boots unavailable)
Stlth    +++.......             (no amulet)
HPRegen  0.09/turn              (no ring)
MPRegen  0.13/turn              (no ring)

@: very quick
A: very small, unfitting armour, see invisible, herbivore, speed 3, slow
metabolism 2
a: no special abilities


You were on level 4 of the Dungeon.
You were not hungry.

You visited 1 branch of the dungeon, and saw 4 of its levels.

You collected 130 gold pieces.

Inventory:

Hand Weapons
 a - a +3 dagger (weapon)
Missiles
 h - a throwing net (quivered)
Armour
 b - a +0 robe (worn)
Wands
 o - a wand of clouds (4)
Scrolls
 e - a scroll of fog
 f - a scroll of random uselessness {unknown}
 i - a scroll of teleportation {unknown}
 j - 4 scrolls of remove curse
 k - 2 scrolls of blinking
Potions
 g - 2 potions of curing
 l - a potion of brilliance
 m - 4 potions of heal wounds
 n - 3 potions of lignification
 q - 2 potions of haste
 r - a potion of might {unknown}
 s - a potion of degeneration {unknown}
 t - a potion of flight {unknown}
Books
 c - a book of Maledictions

   Spells                             Type                      Level
   a - Corona                         Hexes                        1
   b - Ensorcelled Hibernation        Hexes/Ice                    2
   c - Confuse                        Hexes                        3
   d - Tukima's Dance                 Hexes                        3
   e - Dazzling Spray                 Conjuration/Hexes            3
 p - a book of Minor Magic

   Spells                             Type                      Level
   a - Magic Dart                     Conjuration                  1
   b - Blink                          Translocation                2
   c - Call Imp                       Summoning                    2
   d - Slow                           Hexes                        2
   e - Conjure Flame                  Conjuration/Fire             3
   f - Mephitic Cloud                 Conjuration/Poison/Air       3
Comestibles
 d - 5 rations


   Skills:
 - Level 1.1 Short Blades
 + Level 5.4 Dodging
 + Level 6.5 Stealth
 + Level 3.7 Spellcasting
 * Level 6.5 Hexes


You had 6 spell levels left.
You knew the following spells:

 Your Spells              Type           Power        Failure   Level  Hunger
a - Ensorcelled Hibernat  Hex/Ice        ###...       6%          2    ##.....
b - Corona                Hex            ####...      1%          1    None
c - Confuse               Hex            ####....     3%          3    ###....


Dungeon Overview and Level Annotations

Branches:
Dungeon (4/15)
 Temple: D:4-7

Altars:
Ashenzari
Nemelex Xobeh
Okawaru
Ru
Trog
Vehumet
Wu Jian
Xom


Innate Abilities, Weirdness & Mutations

You are very small and have problems with some larger weapons.
You are too small for most types of armour.
You have supernaturally acute eyesight. (SInv)
You are a herbivore.
You cover ground extremely quickly.
You need consume almost no food.


Message History

Evoke which item? (* to show all) (? for menu, Esc to quit)
Aiming: Cloud Cone
Press: ? - help, Dir - move target cursor, f/p - orc wizard
Aim: an orc wizard, wielding a dagger and wearing a robe You create a blast of freezing vapour!
The orc wizard is engulfed in freezing vapours.
The orc is engulfed in freezing vapours.
You kill the orc!
The orc wizard is engulfed in freezing vapours.
You kill the orc wizard!
You start resting.
An orc priest is nearby!
The orc priest calls down the wrath of Beogh upon you.
Beogh smites you!
Ouch! That really hurt!
* * * LOW HITPOINT WARNING * * *
The orc priest calls down the wrath of Beogh upon you.
Beogh smites you!
Ouch! That really hurt!
You die...

≈⌠.⌠≈#..#..###.# ..
≈≈≈≈≈##........#...
#########..##...... #
#......(.###+ # #...#.#....# #
####...#....#.# # #....)...#..#
.. ####### #
#........#..#######...§.#######
#...)....#....@....o..).)o..#o.
#........#.########.###.###.#.#
#......###.# #.# #.#....o#
#......# #.# #.# #.#.#.###
#......# #.# ####.###.#.#.# #
######## #.# #........# #.# #
#.# #.##.#.....#.. .
#.#####.##.....#####..
#.......####.#..# ..


You could see an orc priest.

Vanquished Creatures
  An ogre (D:4)
  2 orc wizards (D:4)
  4 iguanas (D:4)
  A worker ant (D:4)
  An adder (D:2)
  3 oozes
  A worm (D:2)
  2 dart slugs
  3 leopard geckos
  11 orcs
  6 giant cockroaches
  5 goblins
  10 hobgoblins
  3 jackals (D:1)
  2 quokkas
  A ball python (D:1)
  4 bats
  5 frilled lizards
  8 kobolds
  8 rats
81 creatures vanquished.

Notes
Turn   | Place    | Note
-------+----------+-------------------------------------------
     0 | D:1      | 1player the Spriggan Enchanter began the quest for the Orb.
     0 | D:1      | Reached XP level 1. HP: 9/9 MP: 5/5
   502 | D:1      | Reached XP level 2. HP: 13/13 MP: 6/6
   527 | D:1      | Learned a level 2 spell: Ensorcelled Hibernation
   952 | D:1      | Reached skill level 5 in Stealth
  1036 | D:1      | Reached XP level 3. HP: 16/16 MP: 8/8
  1348 | D:2      | Found an ornate altar of the Wu Jian Council.
  1825 | D:2      | Found a shimmering altar of Xom.
  1826 | D:2      | Found a shimmering altar of Xom.
  1827 | D:2      | Found a shimmering altar of Xom.
  1827 | D:2      | Found a shimmering altar of Xom.
  1827 | D:2      | Found a shimmering altar of Xom.
  1919 | D:2      | Found a sacrificial altar of Ru.
  2252 | D:2      | Reached XP level 4. HP: 21/21 MP: 9/9
  2357 | D:2      | Learned a level 3 spell: Confuse
  2448 | D:3      | Reached skill level 5 in Hexes
  3177 | D:3      | Found an iron altar of Okawaru.
  3177 | D:3      | Found a bloodstained altar of Trog.
  3204 | D:3      | Found a sparkling altar of Nemelex Xobeh.
  3208 | D:3      | Noticed an ice beast
  4005 | D:4      | Reached XP level 5. HP: 24/24 MP: 1/10
  4215 | D:4      | Found a shattered altar of Ashenzari.
  4272 | D:4      | Found a radiant altar of Vehumet.
  4401 | D:4      | Reached skill level 5 in Dodging
  4513 | D:4      | Noticed an ogre
  4524 | D:4      | Killed an ogre
  4524 | D:4      | Reached XP level 6. HP: 28/28 MP: 6/12
  4660 | D:4      | Killed from afar by an orc priest

Skill      XL: |  1  2  3  4  5 |
---------------+----------------+-----
Hexes          | 4 5 6 |  6.5
Stealth        | 5 6 |  6.5
Dodging        | 4 5 |  5.4
Spellcasting   | 3 |  3.7
Short Blades   | |  1.1

Action                   |  1- 3 |  4- 6 || total
-------------------------+-------+-------++-------
Melee: Dagger            |   115 |   118 ||   233
Throw: Throwing net      |       |     1 ||     1
 Cast: Corona            |     3 |       ||     3
       Ensorcelled Hiber |    25 |    42 ||    67
       Confuse           |       |     4 ||     4
Evoke: Wand              |       |     2 ||     2
  Use: Scroll            |       |    11 ||    11
 Stab: Sleeping          |    27 |    29 ||    56
       Confused          |       |     1 ||     1
  Eat: Ration            |     1 |     2 ||     3
Armor: Robe              |     5 |    11 ||    16
Dodge: Dodged            |    75 |    97 ||   172
